 Dungeon Crawl Stone Soup version 0.28.0-45-g0d030f2227 (webtiles) character file.

Game seed: 13427298043728562141

27 pkoi the Charlatan (level 2, 0/23 HPs)
             Began as a Demigod Artificer on Apr 8, 2022.
             Slain by a worm (5 damage)
             ... on level 2 of the Dungeon.
             The game lasted 00:02:30 (2662 turns).

pkoi the Charlatan (Demigod Artificer)              Turns: 2662, Time: 00:02:31

Health: 0/23       AC:  9    Str: 19    XL:     2   Next: 72%
Magic:  4/4        EV:  7    Int: 13    God:
Gold:   36         SH:  0    Dex: 14    Spells: 1/1 levels left

rFire   . . .      SeeInvis .   f - +0 dagger
rCold   . . .      Faith    .   (no shield)
rNeg    . . .      Spirit   .   n - +0 chain mail
rPois   .          Reflect  .   (no helmet)
rElec   .          Harm     .   (no cloak)
rCorr   .          Rampage  .   k - +0 pair of gloves
Will    +....                   (no boots)
Stlth   ..........              (no amulet)
HPRegen 0.07/turn               g - ring of willpower
MPRegen 0.09/turn               i - +6 ring of strength

@: no status effects
A: high MP 1, forlorn, divine attributes
a: no special abilities


You were on level 2 of the Dungeon.
You visited 1 branch of the dungeon, and saw 2 of its levels.

You collected 36 gold pieces.

Inventory:

Hand Weapons
 a - a +0 club
 f - a +0 dagger (weapon)
Missiles
 l - 6 poisoned darts (quivered)
Armour
 b - a +0 leather armour
 k - a +0 pair of gloves (worn)
 n - a +0 chain mail (worn)
Jewellery
 g - a ring of willpower (left hand)
 i - a +6 ring of strength (right hand)
Wands
 c - a wand of flame (11)
 d - a wand of charming (11)
Scrolls
 h - a scroll of teleportation
 m - 2 scrolls of torment
Potions
 j - a potion of curing
Miscellaneous
 e - a piece from Xom's chessboard (15/15)


   Skills:
 + Level 1.3 Fighting
 - Level 1.7 Armour
 + Level 1.3 Dodging
 - Level 0.8 Stealth
 + Level 0.8 Unarmed Combat
 * Level 3.2 Evocations


You had one spell level left.
You didn't know any spells.
Your spell library was empty.

Dungeon Overview and Level Annotations

Branches:
Dungeon (2/15)

Shops:
D:1 *

Annotations:
D:1 unvisited store


Innate Abilities, Weirdness & Mutations

You have an increased reservoir of magic. (+10% MP)
You shall have no god before yourself.
Your divine heritage dramatically boosts your attributes as you level up.


Message History

The worm is lightly wounded.
The worm bites you.
You hit the worm but do no damage.
The worm is lightly wounded.
The worm bites you.
You hit the worm but do no damage.
The worm is lightly wounded.
You hit the worm.
The worm is lightly wounded.
The worm bites you but does no damage.
You hit the worm.
The worm is moderately wounded.
You hit the worm. Your punch misses the worm.
The worm is moderately wounded.
The worm bites you.
You hit the worm.
The worm is heavily wounded.
The worm bites you.
* * * LOW HITPOINT WARNING * * *
You hit the worm but do no damage.
The worm is moderately wounded.
You hit the worm.
The worm is heavily wounded.
The worm closely misses you.
You hit the worm.
The worm is heavily wounded.
You hit the worm but do no damage.
The worm is heavily wounded.
The worm bites you!
* * * LOW HITPOINT WARNING * * *
You hit the worm.
The worm is severely wounded.
The worm bites you.
* * * LOW HITPOINT WARNING * * *
You hit the worm.
The worm is severely wounded.
You hit the worm.
The worm is almost dead.
The worm bites you.
You die...

#=...#........
#.............
#.............
#....._.....
..........
......# #.w..#
####.@# #.....#
#.###.# #.# #...
###
#.#############
##.##
#........#....#
##...##
###...).......#
.. #..#..##
#.#....#.#..# ..
..###..## #
#.#......#..#..#


You could see a worm.

Vanquished Creatures
  A worm (D:1)
  4 endoplasms
  A giant cockroach (D:2)
  3 goblins (D:1)
  A hobgoblin (D:2)
  3 kobolds (D:2)
  2 quokkas
  2 frilled lizards
  2 rats (D:2)
19 creatures vanquished.

Vanquished Creatures (collateral kills)
  A ball python (D:1)
1 creature vanquished.

Vanquished Creatures (others)
  A worm (D:1)
  An endoplasm (D:2)
  A hobgoblin (D:1)
  A quokka (D:1)
4 creatures vanquished.

Grand Total: 24 creatures vanquished

Notes
Turn   | Place    | Note
-------+----------+-------------------------------------------
     0 | D:1      | pkoi the Demigod Artificer began the quest for the Orb.
     0 | D:1      | Reached XP level 1. HP: 15/15 MP: 3/3
    25 | D:1      | Reached skill level 1 in Fighting
    25 | D:1      | Reached skill level 1 in Dodging
   901 | D:1      | Reached skill level 3 in Evocations
   901 | D:1      | Reached XP level 2. HP: 18/23 MP: 4/4
  1361 | D:1      | Found Moluanah's General Store.
  2662 | D:2      | Slain by a worm

Illustrated notes

Levels and vault maps discovered:
D:1:      minmay_arrival_checkered_box, layout_loops_ring, serial_shops,
          shop_statue, nicolae_wormholes
D:2:      minmay_alternating_diamond, layout_basic, basic_altar

Skill      XL: |  1 |
---------------+----+-----
Fighting       | 1 |  1.3
Dodging        | 1 |  1.3
Evocations     | 3 |  3.2
Armour         | |  1.7
Stealth        | |  0.8
Unarmed Combat | |  0.8

Action                   || total
-------------------------++-------
Melee: Dagger            ||    83
       Club              ||     5
Throw: Dart              ||     2
Evoke: Wand              ||     8
  Use: Potion            ||     4
       Scroll            ||     3
 Stab: Sleeping          ||     1
Armor: Leather armour    ||    10
       Chain mail        ||     7
Dodge: Dodged            ||    40
